 Dungeon Crawl Stone Soup version 0.18-a0-1808-g3e993bd (console) character file.

9118 rchandra the Martial Artist (level 11, -6/69 HPs)
             Began as a Vampire Transmuter on Apr 23, 2016.
             Was the Champion of Makhleb.
             Mangled by a manticore (14 damage)
             ... on level 11 of the Dungeon on Apr 26, 2016.
             The game lasted 03:26:13 (9629 turns).

rchandra the Martial Artist (Vampire Transmuter)    Turns: 9629, Time: 03:26:14

Health: -6/69      AC:  5    Str:  9    XL:     11   Next: 18%
Magic:  11/17      EV: 19    Int: 20    God:    Makhleb [******]
Gold:   680        SH:  0    Dex: 17    Spells: 5 memorised, 3 levels left

rFire  . . .     SeeInvis +       - Unarmed
rCold  . . .     Gourm    .     C - +1 leather armour {rN+}
rNeg   + . .     Faith    .     (shield currently unavailable)
rPois  .         Spirit   .     (no helmet)
rElec  .         Dismiss  .     D - +0 cloak
rCorr  .         Reflect  .     (gloves currently unavailable)
SustAt .         Harm     .     (no boots)
MR     +....     Clarity  +     t - amulet of rage
Stlth  +.........               M - +2 ring of evasion {=R}
                                B - +3 ring of intelligence

@: blade hands, manticore barbs, regenerating quickly, somewhat resistant to
hostile enchantments, very unstealthy
A: fangs 3, see invisible, clarity, unbreathing
a: End Transformation, Minor Destruction, Lesser Servant of Makhleb, Major
Destruction, Greater Servant of Makhleb, Renounce Religion, Evoke Berserk Rage


You were on level 11 of the Dungeon.
You worshipped Makhleb.
Makhleb was exalted by your worship.
You were very full.
You had blades for hands.
You visited 2 branches of the dungeon, and saw 12 of its levels.
You also visited: Sewer.

You collected 680 gold pieces.

Inventory:

Hand Weapons
 r - a +0 blowgun {@w1}
 w - a +0 blowgun {@w1}
Missiles
 a - 158 arrows
 p - 2 curare-tipped needles
Armour
 b - a +0 robe
 k - a +0 shield
 u - a +0 leather armour of cold resistance
   (You found it on level 5 of the Dungeon)
 C - a +1 leather armour of positive energy (worn)
   (You found it on level 7 of the Dungeon)
 D - a +0 cloak (worn)
Jewellery
 t - an amulet of rage (around neck)
   (You found it on level 4 of the Dungeon)
 B - a +3 ring of intelligence (left scythe-like blade)
   (You found it on level 8 of the Dungeon)
 M - a +2 ring of evasion (right scythe-like blade) {=R}
   (You found it on level 10 of the Dungeon)
 O - an uncursed ring of sustain attributes
   (You found it on level 10 of the Dungeon)
Wands
 o - a wand of random effects (14/48)
 y - a wand of confusion (39/48)
 A - a wand of polymorph (14/24)
 G - a wand of teleportation (3/9)
 I - a wand of lightning (7/15)
 L - a wand of flame (33/48)
 N - a wand of iceblast (4/15)
Scrolls
 e - 4 scrolls of teleportation
 f - 2 scrolls of magic mapping
 g - 5 scrolls of remove curse
 i - a scroll of immolation
 s - 3 scrolls of blinking
 H - a scroll of recharging
Potions
 d - a potion of heal wounds
 j - 9 potions of curing {unknown}
 l - 5 potions of might {unknown}
 m - 4 potions of flight {unknown}
 n - 2 potions of cancellation
 q - 32 potions of blood
 v - 3 potions of resistance
 x - a potion of agility
 z - a potion of lignification
 E - a potion of cure mutation {!q}
 F - a potion of haste
Books
 c - a book of Changes

   Spells                             Type                      Level
   a - Beastly Appendage              Transmutation                1
   b - Sticks to Snakes               Transmutation                2
   c - Spider Form                    Transmutation/Poison         3
   d - Ice Form                       Ice/Transmutation            4
   e - Blade Hands                    Transmutation                5
 h - a Fen Folio

   Spells                             Type                      Level
   a - Corpse Rot                     Necromancy                   2
   b - Stone Arrow                    Conjuration/Earth            3
   c - Leda's Liquefaction            Hexes/Earth                  4
   d - Summon Forest                  Summoning/Translocation      5
   e - Hydra Form                     Transmutation                6
   f - Summon Hydra                   Summoning                    7
 J - a book of Power

   Spells                             Type                      Level
   a - Fulminant Prism                Conjuration/Hexes            4
   b - Iskenderun's Mystic Blast      Conjuration                  4
   c - Venom Bolt                     Conjuration/Poison           5
   d - Bolt of Magma                  Conjuration/Fire/Earth       5
   e - Iron Shot                      Conjuration/Earth            6
   f - Orb of Destruction             Conjuration                  7
   g - Spellforged Servitor           Conjuration/Summoning        7


   Skills:
 - Level 0.8 Fighting
 + Level 8.9 Dodging
 + Level 10.5 Unarmed Combat
 - Level 4.2 Spellcasting
 + Level 8.4 Transmutations
 - Level 4.0 Ice Magic
 - Level 2.1 Poison Magic
 - Level 7.0 Invocations
 + Level 2.0 Evocations


You had 3 spell levels left.
You knew the following spells:

 Your Spells              Type           Power        Failure   Level  Hunger
h - Blade Hands           Trmt           #####.....   58%         5    ######.
k - Spider Form           Trmt/Pois      ####......   45%         3    ###....
u - Ice Form              Ice/Trmt       ####....     58%         4    ####...
w - Sticks to Snakes      Trmt           #####...     14%         2    #......
y - Beastly Appendage     Trmt           #####.       12%         1    None


Dungeon Overview and Level Annotations

Branches:
Dungeon (11/15)            Temple (1/1) D:4             Orc (0/2) D:9
   Lair: D:8-11

Altars:
Ashenzari
Cheibriados
Dithmenos
Elyvilon
Fedhas
Gozag
Kikubaaqudgha
Makhleb
Nemelex Xobeh
Okawaru
Pakellas
Qazlal
Ru
Sif Muna
Trog
Vehumet
Xom
Yredelemnul
Zin
The Shining One


Innate Abilities, Weirdness & Mutations

Your natural rate of healing is unusually fast.
You have razor-sharp teeth.
You have supernaturally acute eyesight.
You can survive without breathing.
You possess an exceptional clarity of mind.


Message History

An orc comes into view. It is wielding a trident.
Casting: Blade Hands
Confirm with . or Enter, or press ? or * to list all spells.
Your hands turn into razor-sharp scythe blades.
The orc shouts!
The manticore bites you but does no damage.
The manticore barely misses you.
The manticore claws you but does no damage.
You now have 10/17 mp.
You barely miss the manticore.
The manticore is lightly wounded.
The orc barely misses you. The orc closely misses you. The manticore bites you!
The manticore claws you.
* * * LOW HITPOINT WARNING * * *
The manticore claws you!
* * * LOW HITPOINT WARNING * * *
You take 27 damage, and have 17/69 hp.
MASSIVE DAMAGE!!
You slash the manticore!
The manticore is moderately wounded.
The manticore misses you. The manticore barely misses you.
The manticore claws you!
* * * LOW HITPOINT WARNING * * *
The orc misses you. x2
You take 11 damage, and have 6/69 hp.
Drink which item? (? for menu, Esc to quit)
You feel much better. The orc misses you. The manticore barely misses you.
The manticore completely misses you. The manticore claws you!
* * * LOW HITPOINT WARNING * * *
The orc barely misses you.
You regained 14 hp, and now have 20/69 hp.
You hit the manticore. Your bite misses the manticore.
The manticore is moderately wounded.
The manticore bites you!
* * * LOW HITPOINT WARNING * * *
The manticore completely misses you. The manticore misses you.
The orc closely misses you. x2
You take 11 damage, and have 9/69 hp.
Drink which item? (? for menu, Esc to quit)
You feel much better. The manticore bites you!!
* * * LOW HITPOINT WARNING * * *
The manticore closely misses you. The manticore claws you.
* * * LOW HITPOINT WARNING * * *
The orc barely misses you.
You take 1 damage, and have 8/69 hp.
You slash the manticore!
The manticore is heavily wounded.
The orc hits you with a hand axe.
* * * LOW HITPOINT WARNING * * *
The orc closely misses you. x2; The manticore bites you!
You die...

#.............
#.............
#.............
#.............
#.............
#.....o.......
#....ooo......
#.<...VH......
#.............
#######..#####
..# ..# ..#
..# ...


You could see a manticore and 4 orcs.

Vanquished Creatures
  An unseen horror (D:10)
  A hill giant (D:9)
  Joseph (D:7)
  A troll (D:9)
  Prince Ribbit (D:6)
  A wyvern (D:10)
  6 yaks (D:9)
  2 hungry ghosts (D:8 D:9)
  2 hippogriffs (D:10)
  Menkaure (D:6)
  5 orc warriors (D:6 D:7 D:8 D:10)
  4 ice beasts (D:5 D:8 D:10)
  4 phantoms (D:7 D:8 D:9)
  6 ogres (D:3 D:5 D:7 D:8 D:9)
  4 centaurs (D:6 D:8 D:9 D:10)
  Blork the orc (D:6)
  3 big kobolds (Sewer D:8)
  3 giant frogs (D:6 D:7)
  A water moccasin zombie (D:7)
  2 troll zombies (D:9)
  3 scorpions (D:4 D:10)
  4 spriggan skeletons (D:10)
  9 killer bees (D:8 D:10)
  A troll skeleton (D:10)
  7 crimson imps (D:6 D:8 D:9 D:10 D:11)
  2 giant frog zombies (D:6 D:7)
  6 hounds (D:5 D:9 D:10)
  2 jellies (D:7 D:10)
  A centaur skeleton (D:10)
  13 orc wizards (D:4 D:6 D:7 D:8 D:9)
  2 iguanas (D:7 D:9)
  7 orc priests (D:6 D:7 D:8 D:9)
  Jessica (D:6)
  Terence (D:3)
  6 worker ants (D:4 D:5 D:8 D:10)
  A killer bee zombie (D:7)
  4 ogre zombies (D:9)
  A hound zombie (D:8)
  6 gnolls (D:5 D:8)
  16 adders (D:2 D:3 D:4 D:5 Sewer)
  A river rat (Sewer)
  4 shadow imps (D:5 D:7 D:8)
  5 worms (D:2 D:3 D:4)
  3 dart slugs (D:1 D:5)
  10 giant geckos (D:2 D:3 D:4 D:5 D:8)
  32 orcs (D:4 D:6 D:7 D:8 D:9)
  4 giant cockroaches (D:5 D:6)
  8 hobgoblins (D:1 D:2 D:3)
  7 jackals (D:1 D:4)
  33 kobolds (D:1 D:2 D:3 Sewer D:8)
  3 quokkas (D:3 D:6 D:10)
  8 ball pythons (D:3 Sewer)
  8 bats (D:1 D:2 D:3)
  5 giant newts (D:1 D:3 D:4 D:7 D:10)
  6 goblins (D:1 D:2)
  2 goblin skeletons (D:9)
  3 goblin zombies (D:9)
  A hobgoblin skeleton (D:9)
  A hobgoblin zombie (D:9)
  12 orc zombies (D:9)
  A quokka skeleton (D:5)
  34 rats (D:1 D:2 D:3 Sewer)
334 creatures vanquished.

Vanquished Creatures (collateral kills)
  A hill giant (D:10)
  An ogre (D:4)
2 creatures vanquished.

Grand Total: 336 creatures vanquished

Notes
Turn   | Place    | Note
--------------------------------------------------------------
     0 | D:1      | rchandra the Vampire Transmuter began the quest for the Orb.
     0 | D:1      | Reached XP level 1. HP: 14/14 MP: 3/3
   206 | D:1      | Reached XP level 2. HP: 20/20 MP: 5/5
   209 | D:1      | Reached skill level 4 in Unarmed Combat
   293 | D:1      | Learned a level 2 spell: Sticks to Snakes
   614 | D:1      | Reached XP level 3. HP: 21/25 MP: 4/6
   827 | D:2      | Learned a level 3 spell: Spider Form
  1364 | D:2      | Reached skill level 3 in Transmutations
  1386 | D:3      | Reached XP level 4. HP: 30/31 MP: 5/7
  1467 | D:3      | Noticed Terence
  1474 | D:3      | Killed Terence
  1474 | D:3      | Reached skill level 5 in Unarmed Combat
  1657 | D:3      | Reached skill level 1 in Poison Magic
  1779 | D:3      | Noticed an ogre
  1787 | D:3      | Killed an ogre
  1787 | D:3      | Reached XP level 5. HP: 36/36 MP: 0/8
  2147 | D:4      | Noticed an ogre
  2156 | D:4      | Found a glowing silver altar of Zin.
  2156 | D:4      | Killed an ogre
  2156 | D:4      | Reached skill level 6 in Unarmed Combat
  2156 | D:4      | Reached skill level 4 in Transmutations
  2156 | D:4      | Reached skill level 2 in Poison Magic
  2156 | D:4      | Reached XP level 6. HP: 21/42 MP: 2/9
  2260 | D:4      | Found a staircase to the Ecumenical Temple.
  2282 | Temple   | Entered the Ecumenical Temple
  2343 | Temple   | Upgraded the game from 0.18-a0-1800-gdc7a371 to 0.18-a0-1808-g3e993bd
  2352 | Temple   | Became a worshipper of Makhleb the Destroyer
  2619 | D:4      | Reached skill level 3 in Dodging
  2933 | D:5      | Entered Level 5 of the Dungeon
  2950 | D:5      | Reached XP level 7. HP: 47/47 MP: 6/10
  2952 | D:5      | Found an ancient bone altar of Kikubaaqudgha.
  2959 | D:5      | Reached skill level 4 in Dodging
  2959 | D:5      | Reached skill level 7 in Unarmed Combat
  3261 | D:5      | Reached * piety under Makhleb
  3270 | D:5      | Found a glowing drain.
  3288 | Sewer    | Entered a sewer
  3355 | Sewer    | Gained mutation: You possess an exceptional clarity of mind. [potion of beneficial mutation]
  3471 | Sewer    | Reached ** piety under Makhleb
  3653 | Sewer    | Reached *** piety under Makhleb
  4010 | D:5      | Reached skill level 5 in Dodging
  4016 | D:5      | Got a jewelled flail
  4048 | D:5      | Reached skill level 1 in Invocations
  4482 | D:6      | Reached XP level 8. HP: 45/53 MP: 7/11
  4559 | D:6      | Noticed Menkaure
  4571 | D:6      | Killed Menkaure
  4571 | D:6      | Reached skill level 2 in Invocations
  4615 | D:6      | Found a sparkling altar of Nemelex Xobeh.
  4615 | D:6      | Noticed Jessica
  4621 | D:6      | Killed Jessica
  4621 | D:6      | Reached skill level 8 in Unarmed Combat
  4781 | D:6      | Reached skill level 6 in Dodging
  4915 | D:6      | Noticed Prince Ribbit
  4917 | D:6      | Reached skill level 3 in Invocations
  4932 | D:6      | Killed Prince Ribbit
  5004 | D:6      | Noticed Blork the orc
  5017 | D:6      | Killed Blork the orc
  5017 | D:6      | Reached **** piety under Makhleb
  5082 | D:6      | Reached skill level 7 in Dodging
  5082 | D:6      | Reached skill level 4 in Invocations
  5108 | D:6      | Learned a level 4 spell: Ice Form
  5181 | D:6      | Found a deep blue altar of Sif Muna.
  5317 | D:6      | Reached skill level 1 in Ice Magic
  5456 | D:7      | Found a sacrificial altar of Ru.
  5468 | D:7      | Reached XP level 9. HP: 33/58 MP: 12/12
  5524 | D:7      | Noticed Joseph
  5547 | D:7      | Killed Joseph
  5547 | D:7      | Reached skill level 5 in Transmutations
  5547 | D:7      | Reached skill level 2 in Ice Magic
  5655 | D:7      | Reached skill level 3 in Spellcasting
  5794 | D:7      | Reached skill level 5 in Invocations
  6301 | D:7      | Reached skill level 3 in Ice Magic
  6384 | D:8      | Reached skill level 6 in Transmutations
  6471 | D:8      | Reached ***** piety under Makhleb
  6503 | D:8      | Reached skill level 4 in Spellcasting
  6516 | D:8      | Learned a level 5 spell: Blade Hands
  6659 | D:8      | Reached skill level 4 in Ice Magic
  7039 | D:8      | Reached XP level 10. HP: 61/64 MP: 16/16
  7245 | D:9      | Reached skill level 6 in Invocations
  7272 | D:9      | Reached skill level 7 in Transmutations
  7364 | D:9      | Noticed a hill giant
  7387 | D:9      | Killed a hill giant
  7648 | D:9      | Reached skill level 9 in Unarmed Combat
  7654 | D:9      | Reached skill level 8 in Dodging
  7777 | D:9      | Found a staircase to the Orcish Mines.
  8158 | D:10     | Entered Level 10 of the Dungeon
  8446 | D:10     | Noticed a hill giant
  8461 | D:10     | Killed a hill giant
  8461 | D:10     | Reached skill level 10 in Unarmed Combat
  8461 | D:10     | Reached skill level 8 in Transmutations
  8484 | D:10     | Reached ****** piety under Makhleb
  8559 | D:10     | Reached skill level 7 in Invocations
  8788 | D:10     | Reached XP level 11. HP: 69/69 MP: 17/17
  8869 | D:10     | Reached skill level 1 in Evocations
  9054 | D:10     | Noticed an unseen horror
  9132 | D:10     | Killed an unseen horror
  9384 | D:10     | HP: 3/69 [orc warrior/halberd (11)]
  9385 | D:10     | Reached skill level 2 in Evocations
  9629 | D:11     | Mangled by a manticore

Vault maps used:
D:1:      dpeg_arrival_tiny_d
D:2:      first_bread
D:3:      uniq_terence
D:4:      old_standard_altar, minmay_temple_entry_glass
D:5:      kiku_gazebo_pond_becter, gup_sewer_entry_pipe
D:6:      led_sif_pool, nemelex_lonely_heart_becter, uniq_blork_the_orc,
          uniq_menkaure, uniq_prince_ribbit1
D:7:      nicolae_ru_awakened_eye, uniq_joseph
D:9:      zombieorc1_lemuel
D:10:     hangedman_tell_no_tales
D:11:     lair_0_dummy, david_defended_altar_orc, uniq_snorg, uniq_sonja
Temple:   nicolae_temple_x_marks_the_god_16
Sewer:    sewer_minmay_treatment

Skill      XL: |  1  2  3  4  5  6  7  8  9 10 11 |
---------------+----------------------------------+-----
Unarmed Combat | 4 5 6 7 8 10 | 10.5
Transmutations | 3 4 6 8 |  8.4
Poison Magic   | 1 2 |  2.1
Dodging        | 3 5 7 8 |  8.9
Invocations    | 1 4 5 7 |  7.0
Ice Magic      | 1 4 |  4.0
Spellcasting   | 4 |  4.2
Evocations     | 2 |  2.0
Fighting       | |  0.8

Action                   |  1- 3 |  4- 6 |  7- 9 | 10-12 || total
-------------------------+-------+-------+-------+-------++-------
Melee: Unarmed           |   149 |   115 |   552 |   450 ||  1266
       Bite              |    13 |     8 |    41 |    29 ||    91
       Headbutt          |     7 |     7 |     5 |    20 ||    39
       Kick              |     3 |     7 |    22 |     4 ||    36
       Punch             |     2 |     1 |    10 |    16 ||    29
 Cast: Beastly Appendage |    16 |     9 |    21 |     8 ||    54
       Sticks to Snakes  |       |     4 |     2 |     1 ||     7
       Spider Form       |       |     5 |    23 |     9 ||    37
       Ice Form          |       |       |     2 |     3 ||     5
       Blade Hands       |       |       |       |     3 ||     3
Invok: Minor Destruction |       |       |     2 |     2 ||     4
 Abil: Evoke Berserk Rag |       |       |     1 |       ||     1
Evoke: Wand              |       |       |       |     2 ||     2
  Use: Potion            |     6 |     8 |    29 |    21 ||    64
       Scroll            |       |     4 |    13 |     3 ||    20
 Stab: Sleeping          |     1 |     1 |     4 |       ||     6
       Distracted        |       |       |       |     4 ||     4
  Eat: Corpse            |     1 |       |       |       ||     1
Armor: Robe              |    30 |    11 |    10 |       ||    51
       Skin              |       |     1 |     8 |    12 ||    21
       Leather armour    |       |       |    25 |    38 ||    63
Dodge: Dodged            |    94 |    63 |   379 |   451 ||   987

Vault maps used:
D:1:      dpeg_arrival_tiny_d
D:2:      first_bread
D:3:      uniq_terence
D:4:      old_standard_altar, minmay_temple_entry_glass
D:5:      kiku_gazebo_pond_becter, gup_sewer_entry_pipe
D:6:      led_sif_pool, nemelex_lonely_heart_becter, uniq_blork_the_orc,
          uniq_menkaure, uniq_prince_ribbit1
D:7:      nicolae_ru_awakened_eye, uniq_joseph
D:9:      zombieorc1_lemuel
D:10:     hangedman_tell_no_tales
D:11:     lair_0_dummy, david_defended_altar_orc, uniq_snorg, uniq_sonja
Temple:   nicolae_temple_x_marks_the_god_16
Sewer:    sewer_minmay_treatment
